 Dungeon Crawl Stone Soup version 0.24.0-2-g5b39cebb1c (webtiles) character file.

Game seed: 17964595543993372412, levelgen mode: deterministic

48 Aviak the Skirmisher (level 3, -6/34 HPs)
             Began as a Hill Orc Wanderer on Oct 30, 2019.
             Splashed by Ijyb's acid (11 damage)
             ... on level 3 of the Dungeon.
             The game lasted 00:00:55 (1298 turns).

Aviak the Skirmisher (Hill Orc Wanderer)            Turns: 1298, Time: 00:00:56

Health: -6/34      AC:  1    Str: 19    XL:     3   Next: 72%
Magic:  3/3        EV: 10    Int: 10    God:
Gold:   98         SH:  0    Dex:  8    Spells: 2/2 levels left

rFire    . . .     SeeInvis .   e - +0 spear
rCold    . . .     Gourm    .   (no shield)
rNeg     . . .     Faith    .   b - +0 ring mail
rPois    .         Spirit   .   (no helmet)
rElec    .         Reflect  .   (no cloak)
rCorr    .         Harm     .   (no gloves)
MR       .....                  (no boots)
Stlth    ..........             (no amulet)
HPRegen  0.11/turn              (no ring)
MPRegen  0.08/turn              (no ring)

@: lethally poisoned (-6 -> -7), corroded
A: no striking features
a: no special abilities


You were on level 3 of the Dungeon.
You were not hungry.

You visited 1 branch of the dungeon, and saw 3 of its levels.

You collected 98 gold pieces.

Inventory:

Hand Weapons
 a - a +0 club
 e - a +0 spear (weapon)
Armour
 b - a +0 ring mail (worn)
Jewellery
 l - a cursed ring of attention {unknown}
Wands
 d - a wand of enslavement (15)
Scrolls
 h - 3 scrolls of identify {unknown}
 i - a scroll of teleportation {unknown}
 n - a scroll of remove curse {unknown}
 o - a scroll of amnesia {unknown}
Potions
 c - a potion of lignification {!q}
 g - a potion of haste {unknown}
 j - a potion of degeneration {unknown}
 k - 2 potions of berserk rage {unknown}
 m - 2 potions of cancellation {unknown}
Comestibles
 f - 4 rations


   Skills:
 + Level 4.6 Fighting
   Level 4.0 Axes
   Level 1.0 Bows
 + Level 2.8 Armour
   Level 1.1 Shields
 - Level 1.0 Evocations


You had 2 spell levels left.
You didn't know any spells.
Your spell library was empty.

Dungeon Overview and Level Annotations

Branches:
Dungeon (3/15)

Altars:
Okawaru
Trog

Annotations:
D:3 Ijyb


Message History

Key pressed, stopping explore.
No target in view!
You feel sick.
o - a scroll labeled OMIRCH WIKIJIEJYUW No target in view!
Ijyb the Twisted Goblin comes into view.
She is carrying a wand of acid (11).
You feel sick.
Ijyb shouts!
Ijyb moves out of view.
No target in view!
Ijyb is too close now for your liking.
Attack whom?
Press: ? - help, Dir - move target cursor, f - Ijyb
Aim: Ijyb, wearing a +0 ring mail and carrying a wand of acid (11)
You reach to attack!
You closely miss Ijyb.
You feel sick.
Ijyb zaps a wand.
The bolt of acid hits you!!
Ouch! That really hurt!
* * * LOW HITPOINT WARNING * * *
The acid corrodes you!
You are splashed with acid!
You die...

##.# #..# #+# #.##
#.# #.# # #.##### #.#
#.## ##.....####.#
..... ##........†..#
.....g##.....#.######
#....@....##.#
##..####.....# #.
####### .. ##


You could see Ijyb.

Vanquished Creatures
  2 adders
  An ooze (D:2)
  A worm (D:2)
  An orc (D:3)
  2 bats
  A giant cockroach (D:1)
  5 goblins
  4 hobgoblins
  2 kobolds
  2 rats (D:1)
21 creatures vanquished.

Notes
Turn   | Place    | Note
-------+----------+-------------------------------------------
     0 | D:1      | Aviak the Hill Orc Wanderer began the quest for the Orb.
     0 | D:1      | Aviak set off with the following items: a +0 club, a +0
                  | ring mail, a potion of lignification {!q}, a wand of
                  | enslavement (15), a ration
     0 | D:1      | Reached XP level 1. HP: 19/19 MP: 1/1
   210 | D:1      | Reached XP level 2. HP: 26/27 MP: 2/2
   782 | D:2      | Reached XP level 3. HP: 28/34 MP: 3/3
   807 | D:2      | Found a faded altar of an unknown god.
   929 | D:2      | Found a bloodstained altar of Trog.
  1097 | D:2      | Found an iron altar of Okawaru.
  1295 | D:3      | Noticed Ijyb
  1298 | D:3      | Splashed by Ijyb's acid

Levels and vault maps discovered:
D:1:      lordsloth_arrival_two_stooges, layout_basic
D:2:      layout_loops_ring, lightli_temple_of_fire, lemuel_doored_altar,
          chequers_ecumenical_altar_lobes
D:3:      gammafunk_steamed_eel, layout_loops_corners, uniq_terence,
          uniq_grinder, uniq_ijyb

Skill      XL: |  1  2 |
---------------+-------+-----
Fighting       | 4 |  4.6
Armour         | 2 |  2.8
Axes           | |  4.0
Bows           | |  1.0
Shields        | |  1.1
Evocations     | |  1.0

Action                   || total
-------------------------++-------
Melee: Spear             ||   104
       Club              ||     2
  Eat: Chunk             ||     1
Armor: Ring mail         ||    30
Dodge: Dodged            ||    41
